 Dungeon Crawl Stone Soup version 0.29-a0-732-g3d7fbe0af2 (webtiles) character file.

Game seed: 13881462848869793434

2268 flyleaff the Insei (level 9, -4/53 HPs)
             Began as an Octopode Transmuter on June 30, 2022.
             Was a Believer of Cheibriados.
             Slain by a steam dragon (8 damage)
             ... on level 7 of the Dungeon.
             The game lasted 00:15:40 (8540 turns).

flyleaff the Insei (Octopode Transmuter)            Turns: 8540, Time: 00:15:40

Health: -4/53      AC:  5    Str: 13    XL:     9   Next: 38%
Magic:  15/16      EV: 15    Int: 21    God:    Cheibriados [**....]
Gold:   378        SH:  5    Dex: 19    Spells: 3/17 levels left

rFire   . . .      SeeInvis +   j - +6 spear (freeze)
rCold   . . .      Faith    .   (no shield)
rNeg    . . .      Spirit   .   (helmet restricted)
rPois   +          Reflect  +   h - amulet of reflection
rElec   .          Harm     .   c - +4 ring of protection
rCorr   .          Rampage  .   l - ring of flight
Will    .....                   w - ring of see invisible
Stlth   +++.......              (no ring)
HPRegen 0.17/turn               (no ring)
MPRegen 0.15/turn               (no ring)
                                (no ring)
                                (no ring)

@: flying, unable to read, very slow
A: almost no armour, amphibious, 8 rings, camouflage 1, gelatinous body 1,
(nimble swimmer 1), tentacles, poison resistance, no potion heal 1, inability to
read while threatened 1
a: Renounce Religion, Bend Time


You were on level 7 of the Dungeon.
You worshipped Cheibriados.
Cheibriados was pleased with you.
You visited 2 branches of the dungeon, and saw 8 of its levels.
You also visited: Sewer.

You collected 408 gold pieces.
You spent 30 gold pieces at shops.

Inventory:

Hand Weapons
 j - a +6 spear of freezing (weapon)
Missiles
 q - 3 throwing nets
Jewellery
 c - a +4 ring of protection (left tentacle)
 h - an amulet of reflection (around mantle)
 l - a ring of flight (right tentacle)
 w - a ring of see invisible (on tentacle)
Wands
 v - a wand of light (1)
Scrolls
 g - 5 scrolls of teleportation
 i - 2 scrolls of blinking
 r - 2 scrolls of enchant armour
 s - a scroll of fear
 t - 2 scrolls of magic mapping
 u - 2 scrolls of amnesia
Potions
 a - a potion of lignification
 b - a potion of might
 d - 3 potions of curing
 e - a potion of flight
 f - a potion of berserk rage
 n - a potion of brilliance
 o - 3 potions of invisibility {unknown}
 p - a potion of attraction {unknown}


   Skills:
 - Level 1.4 Fighting
 - Level 3.6 Dodging
 - Level 6.4 Unarmed Combat
 + Level 4.6 Spellcasting
 + Level 2.9 Conjurations
 + Level 5.1 Transmutations
 + Level 2.9 Fire Magic
 + Level 4.1 Ice Magic
 + Level 5.0 Poison Magic


You had 3 spell levels left.
You knew the following spells:

 Your Spells              Type           Power      Damage    Failure   Level
a - Beastly Appendage     Tmut           52%        N/A       1%          1
b - Spider Form           Tmut/Pois      26%        N/A       4%          3
c - Ice Form              Ice/Tmut       24%        N/A       17%         4
d - Flame Wave            Conj/Fire      17%        2d6       32%         4
e - Scorch                Fire           34%        2d6       4%          2

Your spell library contained the following spells:

 Spells                   Type           Power      Damage    Failure   Level
 Wereblood                Tmut           26%        N/A       1%          2
 Summon Cactus Giant      Summ           2%         N/A       100%        6


Dungeon Overview and Level Annotations

Branches:
Dungeon (7/15)             Temple (1/1) D:4           Sewer (visited)

Altars:
Ashenzari
Cheibriados
Dithmenos
Elyvilon
Fedhas
Gozag
Hepliaklqana
Kikubaaqudgha
Makhleb
Nemelex Xobeh
Okawaru
Qazlal
Ru
Sif Muna
Trog
Uskayaw
Vehumet
Wu Jian
Xom
Yredelemnul
Zin
The Shining One

Shops:
D:1 [   D:2 ![([(

Annotations:
D:7 2 transporters, zeratav's ghost, novice VSGl


Innate Abilities, Weirdness & Mutations

You cannot wear most types of armour.
You are amphibious.
You can wear up to eight rings at the same time.
Your skin changes colour to match your surroundings (Stealth+).
Your rubbery body absorbs attacks. (AC +1, EV +1)
((You are camouflaged when in or above water. (Stealth+)))
You have tentacles for arms and can constrict up to eight enemies at once.
Your system is resistant to poisons. (rPois)
Potions are less effective at restoring your health.
You occasionally lose the ability to read scrolls when taking damage.


Message History

The phantom is almost destroyed.
You block the phantom's attack. The phantom hits you.
You closely miss the phantom.
The phantom is almost destroyed.
The steam dragon closely misses you. The steam dragon misses you.
You block the phantom's attack.
You hit the phantom.
You destroy the phantom!
Cheibriados appreciates the change of pace.
You block the steam dragon's attack. The steam dragon claws you.
Your Poison Magic skill increases to level 5!
You hit the steam dragon. You freeze the steam dragon.
Your squeeze misses the steam dragon.
The steam dragon is lightly wounded.
The steam dragon breathes steam at you. The ball of steam hits you!
You are too injured to fight recklessly!
You are too injured to fight recklessly!
You are too injured to fight recklessly!
Unknown command.
You are too injured to fight recklessly!
You are too injured to fight recklessly!
You are too injured to fight recklessly!
The steam dragon barely misses you. You block the steam dragon's attack.
You are too injured to fight recklessly!
You are too injured to fight recklessly!
You are too injured to fight recklessly!
You are too injured to fight recklessly!
You barely miss the steam dragon.
The steam dragon is lightly wounded.
The steam dragon bites you. The steam dragon completely misses you.
You hit the steam dragon. You freeze the steam dragon.
You squeeze the steam dragon.
The steam dragon is moderately wounded.
The steam dragon breathes steam at you. The ball of steam hits you!
You feel threatened and lose the ability to read scrolls!
* * * LOW HITPOINT WARNING * * *
The steam dragon bites you!
You die...

# #.# #.##.##...#....©..
####.###########.##..#...#.#.....
...................#.#...#..#...#
.###############.#.#.#...#.......
.# *,,........#.#.#...##8....K .#
*,########.#.#.#..†.####### .#
*,#..........#.#.)).....©.. .#
*,#.##....D....#.#......... .#
*,#.......@....#.#.#.#.#.#.
.#*****,#....#.###...#.#.#.#.#...
,*,,,,,,.................#.#...#.
,***,**,#,.....###...#...#.#.#.#.
,,,,,**,#.§....*.....#...#.#.#.#.
*******,#.§......#.......#...#...
,,,,,,,,....#######......##*.#*##
*******,#...,,,,,,.......# *,,,,,
*,,,,,,,,*****######## ******


You could see a steam dragon (catching breath).

Vanquished Creatures
  Joseph (D:7)
  A water moccasin (D:7)
  A sky beast (D:6)
  An ice beast (D:6)
  A black bear (D:3)
  An ogre (D:5)
  2 centaurs (D:7)
  2 phantoms
  A gnoll sergeant (D:6)
  3 scorpions (D:6)
  3 bullfrogs
  2 wights (D:7)
  2 jellies
  An orc priest (D:7)
  A hound (D:6)
  2 iguanas (D:4)
  Terence (D:3)
  2 orc wizards
  13 gnolls
  14 adders
  A white imp (D:4)
  An ufetubus (D:5)
  2 worms
  3 dart slugs
  24 orcs
  4 endoplasms
  9 giant cockroaches
  7 goblins
  7 hobgoblins
  9 jackals
  8 quokkas
  14 ball pythons
  5 bats
  7 frilled lizards
  11 kobolds
  4 rats
171 creatures vanquished.

Notes
Turn   | Place    | Note
-------+----------+-------------------------------------------
     0 | D:1      | flyleaff the Octopode Transmuter began the quest for the
                  | Orb.
     0 | D:1      | Reached XP level 1. HP: 13/13 MP: 3/3
   106 | D:1      | Found a faded altar of an unknown god.
   361 | D:1      | Reached XP level 2. HP: 18/18 MP: 5/5
   612 | D:1      | Found Kacvas's Antique Armour Shop.
   722 | D:1      | Reached XP level 3. HP: 16/23 MP: 6/6
   894 | D:1      | Reached skill level 4 in Unarmed Combat
  1458 | D:2      | Found Kuubroc's Weapon Shop.
  1474 | D:2      | Found Xeleur's Armour Shop.
  1533 | D:2      | Found Xummoyso's Weapon Emporium.
  1568 | D:2      | Reached XP level 4. HP: 28/28 MP: 7/7
  1787 | D:2      | Found Ufask's Armour Emporium.
  1816 | D:2      | Found Yliukh's Distillery.
  2071 | D:2      | Bought a potion of curing for 30 gold pieces
  2121 | D:3      | Found a glowing drain.
  2132 | Sewer    | Entered a sewer
  2285 | Sewer    | Noticed a bullfrog
  2290 | Sewer    | Killed a bullfrog
  2291 | Sewer    | Reached skill level 5 in Unarmed Combat
  2291 | Sewer    | Reached XP level 5. HP: 29/33 MP: 8/8
  2341 | Sewer    | Reached XP level 6. HP: 33/38 MP: 9/9
  3193 | D:3      | Noticed Terence
  3194 | D:3      | Noticed a black bear
  3205 | D:3      | Killed Terence
  3216 | D:3      | Reached skill level 6 in Unarmed Combat
  3218 | D:3      | Killed a black bear
  3515 | D:3      | Reached XP level 7. HP: 40/43 MP: 10/10
  3783 | D:4      | Learned a level 3 spell: Spider Form
  3788 | D:4      | Learned a level 4 spell: Ice Form
  4071 | D:4      | Reached skill level 1 in Poison Magic
  4162 | D:4      | Reached skill level 1 in Ice Magic
  4333 | D:4      | Found a staircase to the Ecumenical Temple.
  4354 | Temple   | Entered the Ecumenical Temple
  4704 | Temple   | Became a worshipper of Cheibriados the Contemplative
  5276 | D:5      | Entered Level 5 of the Dungeon
  5859 | D:5      | Reached * piety under Cheibriados
  5874 | D:5      | Reached XP level 8. HP: 48/48 MP: 13/13
  6428 | D:6      | Learned a level 4 spell: Flame Wave
  6431 | D:6      | Learned a level 2 spell: Scorch
  6585 | D:6      | HP: 2/48 [sky beast (5)]
  6992 | D:6      | Reached skill level 1 in Conjurations
  6992 | D:6      | Reached skill level 1 in Fire Magic
  7721 | D:7      | Noticed a shadow
  7728 | D:7      | Noticed zeratav's ghost (novice VSGl)
  7730 | D:7      | Noticed a cyclops
  7759 | D:7      | Found a transporter.
  7785 | D:7      | Reached XP level 9. HP: 47/53 MP: 15/15
  7829 | D:7      | Found a transporter.
  7849 | D:7      | Found a burning altar of Makhleb.
  7853 | D:7      | Gained mutation: Your system is resistant to poisons.
                  | (rPois) [potion of mutation]
  7853 | D:7      | Gained mutation: You occasionally lose the ability to read
                  | scrolls when taking damage. [potion of mutation]
  7853 | D:7      | Gained mutation: Potions are less effective at restoring
                  | your health. [potion of mutation]
  8088 | D:7      | Reached ** piety under Cheibriados
  8279 | D:7      | Noticed Joseph
  8290 | D:7      | Killed Joseph
  8291 | D:7      | Reached skill level 5 in Transmutations
  8511 | D:7      | Found a hide-covered altar of Uskayaw.
  8537 | D:7      | Reached skill level 5 in Poison Magic
  8540 | D:7      | Slain by a steam dragon

Illustrated notes

Levels and vault maps discovered:
D:1:      doesnt_arrival_eight_statues, layout_loops_ring,
          chequers_ecumenical_altar_island, serial_shops,
          nicolae_shop_hallway_stairs, minmay_parallelograms,
          grunt_decor_clamped, minmay_statues_item
D:2:      layout_rooms, serial_shops, nicolae_shop_competitors_out_of_business,
          nicolae_shop_bloodbath_and_beyond, nicolae_shop_waterfront, shop, shop
D:3:      layout_loops_cross, cheibrodos_sewer_entry_drain, st_stairs_11,
          wad_orctagon, uniq_terence
D:4:      layout_basic, minmay_temple_entry_stoned_glass, st_stairs_7
D:5:      layout_loops_ring
D:6:      layout_rooms
D:7:      layout_basic, mainiacjoe_overflow_tiny_flanked,
          nicolae_overflow_hidden_temple, gammafunk_ghost_arena,
          nrook_mini_backslash, uniq_joseph
Temple:   mainiacjoe_temple_cubbyholes

Skill      XL: |  1  2  3  4  5  6  7  8  9 |
---------------+----------------------------+-----
Unarmed Combat | 4 5 6 |  6.4
Dodging        | 3 |  3.6
Poison Magic   | 2 4 5 |  5.0
Ice Magic      | 2 3 4 |  4.1
Transmutations | 3 4 5 |  5.1
Spellcasting   | 3 4 |  4.6
Conjurations   | 2 |  2.9
Fire Magic     | 2 |  2.9
Fighting       | |  1.4

Action                   |  1- 3 |  4- 6 |  7- 9 || total
-------------------------+-------+-------+-------++-------
Melee: Unarmed           |   106 |   138 |    15 ||   259
       Constrict         |    26 |    40 |    29 ||    95
       Tentacles         |    21 |    34 |    39 ||    94
       Punch             |     5 |     4 |    11 ||    20
       Kick              |     2 |     5 |       ||     7
       Spear             |       |       |   208 ||   208
 Cast: Beastly Appendage |     3 |     1 |       ||     4
       Spider Form       |       |       |     1 ||     1
Evoke: Wand              |       |       |     2 ||     2
  Use: Scroll            |       |     5 |    10 ||    15
       Potion            |       |     1 |     8 ||     9
 Stab: Sleeping          |     7 |     7 |    13 ||    27
       Distracted        |       |       |     1 ||     1
Armor: Skin              |    22 |    32 |    31 ||    85
Dodge: Dodged            |    74 |   107 |   118 ||   299
Block: Other             |       |       |     7 ||     7

Table legend: (Time is in decaauts)
 A = Elapsed time spent in this place.
 B = Non-inter-level travel time spent in this place.
 C = Inter-level travel time spent in this place.
 D = Time resting spent in this place.
 E = Time spent auto-exploring this place.
 F = Levels seen in this place.
 G = Mean time per level.
                   A        B        C        D        E       F      G
               +--------+--------+--------+--------+--------+-----+--------+
         Total |   9206 |   8835 |    371 |      0 |   7591 |   9 | 1022.9 |
       Dungeon |   8289 |   8026 |    263 |      0 |   6925 |   7 | 1184.1 |
        Temple |    420 |    313 |    107 |      0 |    308 |   1 |  420.0 |
         Sewer |    496 |    496 |      0 |      0 |    358 |   1 |  496.0 |
               +--------+--------+--------+--------+--------+-----+--------+

Top non-repeatable levels by time:
     D:6: 1724 daAuts
     D:1: 1352 daAuts
     D:4: 1239 daAuts
     D:3: 1169 daAuts
     D:5: 1085 daAuts
     D:7: 983 daAuts
     D:2: 734 daAuts
   Sewer: 496 daAuts
  Temple: 420 daAuts
